 Dungeon Crawl Stone Soup version 0.28.0-47-ge53b351184 (webtiles) character file.

Game seed: 2924433534437093963

397 101zpm the Magician (level 7, 0/45 HPs)
             Began as a Djinni Fire Elementalist on Apr 29, 2022.
             Slain by an ogre
             ... wielding a +0 giant club
              (14 damage)
             ... on level 4 of the Dungeon.
             The game lasted 00:04:42 (7209 turns).

101zpm the Magician (Djinni Fire Elementalist)      Turns: 7209, Time: 00:04:43

Health: 0/45       AC:  2    Str:  7    XL:     7   Next: 10%
Gold:   210        EV: 12    Int: 18    God:
                   SH:  0    Dex: 14

rFire   + + .      SeeInvis .   (no weapon)
rCold   x . .      Faith    .   (no shield)
rNeg    . . .      Spirit   .   a - +0 robe
rPois   ∞          Reflect  .   (no helmet)
rElec   .          Harm     .   (no cloak)
rCorr   .          Rampage  .   (no gloves)
Will    .....                   (boots unavailable)
Stlth   ++........              (no amulet)
HPRegen 0.15/turn               (no ring)
MPRegen 0.00/turn               (no ring)

@: flying
A: sickness immunity, fire resistance 2, cold vulnerability 1, float, innate
caster, HP casting, extra vitality 1
a: no special abilities


You were on level 4 of the Dungeon.
You visited 1 branch of the dungeon, and saw 4 of its levels.

You collected 210 gold pieces.

Inventory:

Armour
 a - a +0 robe (worn)
Jewellery
 i - a +4 ring of protection
 j - a ring of protection from fire
Scrolls
 b - a scroll of blinking {unknown}
 c - 3 scrolls of identify {unknown}
 e - a scroll of magic mapping {unknown}
 f - 2 scrolls of noise {unknown}
 g - a scroll of amnesia {unknown}
 k - a scroll of brand weapon {unknown}
 m - 2 scrolls of teleportation {unknown}
Potions
 d - a potion of brilliance {unknown}
 h - a potion of degeneration {unknown}
 l - a potion of might {unknown}
 n - 2 potions of curing {unknown}


   Skills:
 + Level 0.1 Fighting
 + Level 2.4 Dodging
 + Level 2.4 Stealth
 + Level 5.4 Spellcasting


You couldn't memorise any spells.
You knew the following spells:

 Your Spells              Type           Power      Damage    Failure   Level
a - Foxfire               Conj/Fire      96%        2x1d8     1%          1
b - Scorch                Fire           48%        2d7       1%          2
c - Conjure Flame         Conj/Fire      24%        6-21      4%          3
d - Inner Flame           Hex/Fire       24%        N/A       4%          3
e - Flame Wave            Conj/Fire      24%        2d7       14%         4
f - Beastly Appendage     Tmut           48%        N/A       1%          1
g - Call Imp              Summ           24%        N/A       1%          2
h - Stone Arrow           Conj/Erth      48%        3d10      4%          3
Your spell library was empty.

Dungeon Overview and Level Annotations

Branches:
Dungeon (4/15)             Temple (0/1) D:4

Altars:
Ashenzari
Fedhas
Hepliaklqana
Zin

Shops:
D:4 *

Annotations:
D:3 2 transporters, Exporg's ghost, amateur TrTm


Innate Abilities, Weirdness & Mutations

You are immune to sickness and miasma.
You are immune to poison.
Your flesh is very heat resistant. (rF++)
You are vulnerable to cold. (rC-)
You float through the air rather than walking.
You learn spells naturally, not from books.
Your magical power is your life essence.
You have superior vitality. (+4 MHP)


Message History

The foxfire hits the hound but does no damage.
You conjure some foxfire!
The foxfire hits the hound but does no damage.
The foxfire hits the hound.
The hound is moderately wounded.
You conjure some foxfire!
Your foxfire dissipates!
The hound closely misses you.
There is not enough space to conjure foxfire!
There is not enough space to conjure foxfire!
The foxfire hits the hound.
The hound is heavily wounded.
The hound closely misses you.
Your foxfire dissipates!
The foxfire hits the hobgoblin.
The hobgoblin is moderately wounded.
The hound bites you.
You conjure some foxfire!
The hound bites you.
You conjure some foxfire!
The foxfire hits the hound.
The hound is almost dead.
The foxfire hits the hound.
You kill the hound!
You miscast Foxfire.
You are very lightly contaminated with residual magic.
Nothing appears to happen.
The foxfire hits the ogre.
The ogre is lightly wounded.
The foxfire hits the ogre.
The ogre is moderately wounded.
The ogre hits you with a +0 giant club!!
Ouch! That really hurt!
* * * LOW HITPOINT WARNING * * *
There is an open door here.
Your magical contamination has completely faded away.
Found 20 stones.
You see here a scarf of resistance.
There is an open door here.
There is a stone staircase leading up here.
There is an open door here.
The ogre hits you with a +0 giant club!
You die...

≈≈.≈...........# _≈.≈...........+
.≈.≈...........# .≈.≈...........#
≈≈.≈.........[.########+######+##
...≈.............................
≈≈≈≈..#..........................
......####+####........[.........
.#............+.@................
.##...........#..O...............
.##...........####'#.............
.#######...##..g...#.............
.##...##..#...##...##############
.......###....##...# #...#
.##(....∩....g##.<.# #...#
###....###....##...##.. #.<.#
......#...#............. #...#


You could see an ogre.

Vanquished Creatures
  A scorpion (D:4)
  2 hounds (D:4)
  A centaur skeleton (D:4)
  2 iguanas (D:4)
  2 orc wizards
  3 gnolls (D:3)
  2 adders
  2 worms (D:2)
  A dart slug (D:2)
  12 orcs
  5 ball pythons
  9 endoplasms
  3 giant cockroaches
  7 goblins
  5 hobgoblins
  2 jackals (D:4)
  6 kobolds
  2 quokkas (D:1)
  4 bats
  5 frilled lizards
  9 rats
85 creatures vanquished.

Vanquished Creatures (collateral kills)
  3 foxfires (D:4)
3 creatures vanquished.

Vanquished Creatures (others)
  693 foxfires
  6 plants (D:3)
  5 toadstools (D:4)
704 creatures vanquished.

Grand Total: 792 creatures vanquished

Notes
Turn   | Place    | Note
-------+----------+-------------------------------------------
     0 | D:1      | 101zpm the Djinni Fire Elementalist began the quest for the
                  | Orb.
     0 | D:1      | Reached XP level 1. HP: 15/15 MP: 0/0
   525 | D:1      | Found a faded altar of an unknown god.
   539 | D:1      | Reached XP level 2. HP: 19/21 MP: 0/0
  1049 | D:1      | Reached skill level 3 in Spellcasting
  1275 | D:1      | Reached XP level 3. HP: 23/25 MP: 0/0
  1275 | D:1      | Learned a level 1 spell: Beastly Appendage
  3418 | D:2      | Reached XP level 4. HP: 25/31 MP: 0/0
  3884 | D:3      | Reached skill level 4 in Spellcasting
  4377 | D:3      | Reached XP level 5. HP: 18/35 MP: 0/0
  4377 | D:3      | Learned a level 2 spell: Call Imp
  4638 | D:3      | Found a transporter.
  4647 | D:3      | Found a transporter.
  4647 | D:3      | Noticed Exporg's ghost (amateur TrTm)
  4651 | D:3      | Identified the +2 spear "Vetzuh" {elec, *Slow Str+5}
  4903 | D:3      | Found a blossoming altar of Fedhas.
  5772 | D:3      | Found a broken altar of Ashenzari.
  6016 | D:4      | Reached XP level 6. HP: 22/40 MP: 0/0
  6248 | D:4      | Reached skill level 5 in Spellcasting
  6619 | D:4      | Found Hylequcat's Neck Hole.
  6907 | D:4      | Found a staircase to the Ecumenical Temple.
  6988 | D:4      | Reached XP level 7. HP: 38/45 MP: 0/0
  6988 | D:4      | Learned a level 3 spell: Stone Arrow
  7030 | D:4      | Found a glowing silver altar of Zin.
  7032 | D:4      | Found a hazy altar of Hepliaklqana.
  7209 | D:4      | Slain by an ogre

Illustrated notes

Levels and vault maps discovered:
D:1:      dpeg_arrival_houses_and_road, layout_basic,
          hellmonk_ecumenical_altar_lost_god
D:2:      minmay_general_purpose_star, layout_basic, corexii_hall_statues_t
D:3:      layout_loops_corners, marbit_many_paths,
          gammafunk_ghost_gnarly_gnolls, kennysheep_flooded_box
D:4:      layout_gridville, mainiacjoe_overflow_catwalk_spiral,
          minmay_temple_entry_antechambers, minmay_gold_behind_fungi,
          nicolae_shop_sticking_my_neck_out

Skill      XL: |  1  2  3  4  5  6 |
---------------+-------------------+-----
Spellcasting   | 3 4 5 |  5.4
Stealth        | 2 |  2.4
Fighting       | |  0.1
Dodging        | |  2.4

Action                   |  1- 3 |  4- 6 |  7- 9 || total
-------------------------+-------+-------+-------++-------
 Cast: Foxfire           |   184 |   222 |    13 ||   419
Armor: Robe              |       |     3 |       ||     3
Dodge: Dodged            |     1 |    10 |     2 ||    13
